 Dungeon Crawl Stone Soup version 0.29.1-2-gbd0b4ee654 (webtiles) character file.

Game seed: 13383171955379057105

4 kingsuperguy the Chopper (level 1, -3/20 HPs)
             Began as a Hill Orc Monk on Nov 18, 2022.
             Slain by a hobgoblin (4 damage)
             ... on level 1 of the Dungeon.
             The game lasted 00:00:23 (381 turns).

kingsuperguy the Chopper (Hill Orc Monk)             Turns: 381, Time: 00:00:24

Health: -3/20      AC:  2    Str: 13    XL:     1   Next: 60%
Magic:  1/1        EV: 12    Int: 10    God:
Gold:   21         SH:  0    Dex: 13    Spells: 0/0 levels left

rFire   . . .      SeeInvis .   a - +0 hand axe
rCold   . . .      Faith    .   (no shield)
rNeg    . . .      Spirit   .   b - +0 robe
rPois   .          Reflect  .   (no helmet)
rElec   .          Harm     .   (no cloak)
rCorr   .          Rampage  .   (no gloves)
Will    .....                   (no boots)
Stlth   ++........              (no amulet)
HPRegen 0.06/turn               (no ring)
MPRegen 0.07/turn               (no ring)

@: no status effects
A: no striking features
a: no special abilities


You were on level 1 of the Dungeon.
You visited 1 branch of the dungeon, and saw 1 of its levels.

You collected 21 gold pieces.

Inventory:

Hand Weapons
 a - a +0 hand axe (weapon)
Armour
 b - a +0 robe (worn)
Jewellery
 e - a ring of wizardry
Scrolls
 d - a scroll of magic mapping {unknown}
 g - a scroll of vulnerability {unknown}
 h - a scroll of teleportation {unknown}
Potions
 c - a potion of ambrosia
 f - a potion of attraction {unknown}


   Skills:
 + Level 3.6 Fighting
 + Level 4.2 Axes
 + Level 2.5 Dodging
 + Level 1.6 Stealth


You couldn't memorise any spells.
You didn't know any spells.
Your spell library was empty.

Dungeon Overview and Level Annotations

Branches:
Dungeon (1/15)

Altars:


Message History

The hobgoblin hits you.
You closely miss the hobgoblin.
A goblin comes into view. It is wielding a +0 club.
You closely miss the hobgoblin. You hit the goblin.
You closely miss the frilled lizard.
A kobold comes into view. It is wielding a +0 short sword.
A hobgoblin comes into view.
The frilled lizard barely misses you. The hobgoblin hits you.
The goblin closely misses you. The frilled lizard closely misses you.
The goblin attacks as you move away! The goblin hits you with a +0 dagger.
Found a scroll labelled TAMMITH SA VUTZ.
The frilled lizard barely misses you.
Found 6 gold pieces.
You miss the frilled lizard. The frilled lizard closely misses you.
You miss the frilled lizard. The frilled lizard closely misses you.
You hit the frilled lizard.
You kill the frilled lizard!
You completely miss the hobgoblin. You punch the hobgoblin.
The hobgoblin is lightly wounded.
The hobgoblin hits you.
You closely miss the hobgoblin.
The hobgoblin is lightly wounded.
The hobgoblin barely misses you.
You closely miss the hobgoblin.
The hobgoblin is lightly wounded.
The hobgoblin misses you.
You hit the hobgoblin but do no damage.
The hobgoblin is lightly wounded.
The hobgoblin hits you.
You hit the hobgoblin.
The hobgoblin is severely wounded.
The hobgoblin hits you.
* * * LOW HITPOINT WARNING * * *
The hobgoblin hits you.
* * * LOW HITPOINT WARNING * * *
The hobgoblin attacks as you move away! The hobgoblin hits you.
* * * LOW HITPOINT WARNING * * *
The hobgoblin attacks as you move away! The hobgoblin hits you.
You die...

###.# ##.....##
#........# .#
##...##
#........# .#
##'######
#.######## ..
#.......# #.# #
#..####.# #.#
#..## .# #.#
##...###.####.#
#.............#
##...#@#.######
# #..##g#
...###..##K#.#
.........g...#
.......$.g####
###.##.##.# #.
#. .... #
$#$.#.## .# #.
.#


You could see a hobgoblin, 2 goblins and a kobold.

Vanquished Creatures
  A frilled lizard (D:1)
  A kobold (D:1)
  4 rats (D:1)
6 creatures vanquished.

Notes
Turn   | Place    | Note
-------+----------+-------------------------------------------
     0 | D:1      | kingsuperguy the Hill Orc Monk began the quest for the Orb.
     0 | D:1      | Reached XP level 1. HP: 19/19 MP: 1/1
   380 | D:1      | HP: 1/20 [hobgoblin (1)]
   381 | D:1      | Slain by a hobgoblin

Illustrated notes

Levels and vault maps discovered:
D:1:      lightli_arrival_boilingwater, layout_loops_corners, minmay_tall_x

Action                   || total
-------------------------++-------
Melee: Hand axe          ||    23
       Punch             ||     1
 Stab: Sleeping          ||     1
Armor: Robe              ||     2
Dodge: Dodged            ||    11
